AoeStats
← ogipochi_

MegaRandom

503898833Analyzed
4v4 RM · 1mo ago on Sep 2, 2026· 17m 15s· 8 players
Game mode
Random Map
Map size
Large (8 player)
Population
200
Speed
Normal
Resources
Standard
Victory
Conquest
Starting age
Dark Age
Ending age
Imperial Age
RankedLock teamsTeams togetherTeam positionsShared explorationLock speedFull tech treeHidden civsTurbo modeCheats
Victory
Defeat
🇦🇷 Franks · Argentina
952
+14
🇩🇪 Malians · Germany
923
+15
🇨🇱 Mongols · Chile
910
+16
🇦🇷 Khmer · Argentina
895
+17
🇺🇸 Turks · United States
970
-18
🇩🇪 Hindustanis · Germany
955
-18
🇺🇸 Portuguese · United States
852
-13
🇯🇵 Britons · Japan
848
-13
the._.voice
7:14 Loom
10:24 Feudal Age
19:44 Castle Age
Nidd
10:41 Feudal Age
11:27 Loom
11:29 Double-Bit Axe
Exkahlibu600er
11:02 Feudal Age
9:22 Loom
11:58 Double-Bit Axe
12:53 Man-at-Arms
17:38 Forging
17:29 Scale Mail Armor
Luce
11:14 Feudal Age
15:44 Castle Age
13:54 Horse Collar
14:26 Double-Bit Axe
ogipochi_
10:46 Feudal Age
9:03 Loom
11:22 Double-Bit Axe
11:28 Gold Mining
12:16 Wheelbarrow
MousePuddles
13:50 Feudal Age
14:28 Double-Bit Axe
14:25 Horse Collar
ianxpresso
10:00 Feudal Age
8:19 Loom
11:33 Wheelbarrow
10:53 Double-Bit Axe
Hoodie Melo
8:21 Loom
10:52 Feudal Age
11:24 Double-Bit Axe
Connection lost

Rejoining the realm…

Still unreachable

The connection could not be restored.

Session expired

The server has moved on; the page needs a fresh start.